 Dungeon Crawl Stone Soup version 0.28-a0-691-gad6df49e81 (webtiles) character file.

Game seed: 5486742678046446239

287 shoop the Shooter (level 6, -1/44 HPs)
             Began as a Barachi Arcane Marksman on Oct 21, 2021.
             Killed by miscasting Inner Flame (3 damage)
             ... on level 4 of the Dungeon.
             The game lasted 00:14:14 (6065 turns).

shoop the Shooter (Barachi Arcane Marksman)         Turns: 6065, Time: 00:14:16

Health: -1/44      AC:  5    Str: 12    XL:     6   Next: 30%
Magic:  1/7        EV: 12    Int: 14    God:
Gold:   154        SH:  0    Dex: 13    Spells: 4/7 levels left

rFire   . . .      SeeInvis .   b - +1 dagger (elec)
rCold   . . .      Faith    .   (no shield)
rNeg    . . .      Spirit   .   k - +0 leather armour
rPois   .          Reflect  .   (no helmet)
rElec   .          Harm     .   p - +0 cloak
rCorr   .          Rampage  .   (no gloves)
Will    .....                   w - +0 pair of boots
Stlth   +.........              (no amulet)
HPRegen 0.14/turn               (no ring)
MPRegen 0.10/turn               (no ring)

@: unable to hop, very slightly contaminated, slow
A: amphibious, slowness 1, strong legs 1, +LOS
a: Hop


You were on level 4 of the Dungeon.
You visited 1 branch of the dungeon, and saw 4 of its levels.

You collected 248 gold pieces.
You spent 94 gold pieces at shops.

Inventory:

Hand Weapons
 a - a +0 shortbow
 b - a +1 dagger of electrocution (weapon)
 j - a +0 whip
 t - a +0 spear
 y - a +2 rapier of flaming
Missiles
 c - 21 arrows
 u - 3 javelins (quivered)
Armour
 d - a +0 robe
 k - a +0 leather armour (worn)
 n - a scarf of harm
 p - a +0 cloak (worn)
 w - a +0 pair of boots (worn)
Jewellery
 s - an amulet of regeneration
Wands
 r - a wand of charming (8)
Scrolls
 f - 2 scrolls of fear
 h - a scroll of magic mapping
 i - 2 scrolls of teleportation
 o - 2 scrolls of immolation {unknown}
 q - 2 scrolls of enchant weapon {unknown}
 v - 2 scrolls of fog
Potions
 e - 2 potions of heal wounds
 g - 2 potions of attraction
 l - 2 potions of curing
 m - a potion of resistance
 x - a potion of magic {unknown}


   Skills:
 - Level 2.0 Fighting
 - Level 5.0 Bows
 - Level 2.0 Armour
 - Level 2.1 Dodging
 + Level 1.3 Spellcasting
 + Level 3.4 Hexes
 + Level 0.4 Fire Magic
 - Level 3.0 Evocations


You had 4 spell levels left.
You knew the following spells:

 Your Spells              Type           Power      Damage    Failure   Level
a - Inner Flame           Hex/Fire       6%         N/A       41%         3

Your spell library contained the following spells:

 Spells                   Type           Power      Damage    Failure   Level
 Slow                     Hex            10%        N/A       12%         2
 Portal Projectile        Hex/Tloc       10%        N/A       43%         3
 Cause Fear               Hex            5%         N/A       63%         4


Dungeon Overview and Level Annotations

Branches:
Dungeon (4/15)
 Temple: D:4-7

Altars:

Shops:
D:2 (   D:3 *


Innate Abilities, Weirdness & Mutations

You are amphibious.
You cover ground slowly.
You can hop short distances.
You have an extended range of vision and can be seen from far away.


Message History

The kobold brigand hits you with a +0 short sword.
* * * LOW HITPOINT WARNING * * *
You closely miss the kobold brigand.
The kobold brigand is lightly wounded.
The kobold brigand hits you with a +0 short sword.
* * * LOW HITPOINT WARNING * * *
You hit the kobold brigand but do no damage.
Lightning courses through the kobold brigand!
The kobold brigand is severely wounded.
The kobold brigand hits you but does no damage.
You closely miss the kobold brigand.
The kobold brigand is severely wounded.
The kobold brigand hits you with a +0 short sword.
* * * LOW HITPOINT WARNING * * *
Unknown command.
Your leather armour prevents you from hitting the kobold brigand.
The kobold brigand is severely wounded.
The kobold brigand hits you with a +0 short sword.
* * * LOW HITPOINT WARNING * * *
You hit the kobold brigand.
The kobold brigand is almost dead.
The kobold brigand closely misses you.
Hop to where?
Press: ? - help, Dir - move target Boing!
Unknown command.
Casting: Inner Flame (quite dangerous; 41% risk of failure)
Confirm with . or Enter, or press ? or * to list all spells.
The spell is quite dangerous to cast (41% risk of failure)!
Continue anyway?
Okay, then.
Casting: Inner Flame (quite dangerous; 41% risk of failure)
Confirm with . or Enter, or press ? or * to list all spells.
The spell is quite dangerous to cast (41% risk of failure)!
Continue anyway?
Aiming: Inner Flame (quite dangerous; 41% risk of failure)
Press: ? - help, Shift-Dir - straight line, f - kobold brigand
Aim: a kobold brigand, wielding a +0 short sword and quivering poisoned darts (sparse dust, almost dead, chance to affect: 49%)
You miscast Inner Flame.
You are very lightly contaminated with residual magic.
You are blasted with searing flames.
You die...

..#...#...............K.).####..>
..'...#..........K...K...)#..#...
..##..#..............K....#..+...
...#..########K#####......#..#...
...#.....#........K#......#..#...
...#.....#.......KK#......'..#...
...#...#######.###)#......#..#...
###########.######K###....#..#...
#.....#..@....#....#..#...
#.....#..#....#....#..#...
#########'############....####...
......#....####.(.........#..#...
...#..#....#..'...........'..#...
...#..#....#..#...........####...
...#.)'....#..#....).............
..#..##....####........<.........
##########........#####'##....###


You could see a kobold brigand.

Vanquished Creatures
  A centaur zombie (D:3)
  Ijyb (D:4)
  A hound (D:4)
  An orc wizard (D:4)
  8 adders
  A gnoll (D:1)
  A worm (D:3)
  2 dart slugs
  3 orcs (D:4)
  9 bats
  7 endoplasms
  A giant cockroach (D:1)
  10 hobgoblins
  5 jackals
  13 kobolds
  3 quokkas
  7 ball pythons
  A frilled lizard (D:1)
  4 goblins
  3 rats
82 creatures vanquished.

Vanquished Creatures (collateral kills)
  A kobold (D:4)
1 creature vanquished.

Vanquished Creatures (others)
  A kobold (D:4)
  4 fungi (D:1)
  75 plants
80 creatures vanquished.

Grand Total: 163 creatures vanquished

Notes
Turn   | Place    | Note
-------+----------+-------------------------------------------
     0 | D:1      | shoop the Barachi Arcane Marksman began the quest for the
                  | Orb.
     0 | D:1      | Reached XP level 1. HP: 15/15 MP: 2/2
   477 | D:1      | Reached XP level 2. HP: 6/21 MP: 3/3
   731 | D:1      | HP: 1/21 [quokka (1)]
  1407 | D:1      | Reached skill level 3 in Bows
  1407 | D:1      | Reached XP level 3. HP: 10/27 MP: 4/4
  2184 | D:1      | Found a faded altar of an unknown god.
  2451 | D:2      | Reached skill level 1 in Armour
  2530 | D:2      | Reached XP level 4. HP: 25/33 MP: 5/5
  3153 | D:2      | Found Yliranup's Antique Weapon Shop.
  3283 | D:2      | Learned a level 3 spell: Inner Flame
  3416 | D:3      | Found Jolehon's General Store.
  3425 | D:3      | Reached skill level 4 in Bows
  3430 | D:3      | Bought 12 arrows for 24 gold pieces
  3657 | D:3      | Reached XP level 5. HP: 20/38 MP: 4/6
  4790 | D:3      | Bought 2 scrolls of fog for 40 gold pieces
  4790 | D:3      | Bought a potion of curing for 30 gold pieces
  5072 | D:4      | Reached skill level 5 in Bows
  5072 | D:4      | Reached skill level 1 in Evocations
  5216 | D:4      | Reached XP level 6. HP: 31/44 MP: 7/7
  5522 | D:4      | Noticed Ijyb
  5836 | D:4      | Killed Ijyb
  6062 | D:4      | HP: 1/44 [kobold brigand (4)]
  6065 | D:4      | Killed by miscasting Inner Flame

Illustrated notes

Levels and vault maps discovered:
D:1:      dpeg_arrival_yet_another_circle, layout_basic,
          shapermc_ecumenical_altar_mp_urbaneastern
D:2:      layout_loops_ring, serial_shops, shop_coins
D:3:      layout_loops_ring, serial_shops, nicolae_shop_crystal
D:4:      kennysheep_kobold_camp, layout_gridville, serial_shops,
          nicolae_square_shop, uniq_ijyb

Skill      XL: |  1  2  3  4  5  6 |
---------------+-------------------+-----
Fighting       | 2 |  2.0
Bows           | 3 4 5 |  5.0
Armour         | 1 2 |  2.0
Evocations     | 2 3 |  3.0
Dodging        | |  2.1
Spellcasting   | |  1.3
Hexes          | |  3.4
Fire Magic     | |  0.4

Action                   |  1- 3 |  4- 6 || total
-------------------------+-------+-------++-------
Melee: Unarmed           |    56 |       ||    56
       Whip              |    12 |       ||    12
       Spear             |    88 |    84 ||   172
       Dagger            |       |   112 ||   112
 Fire: Shortbow          |    38 |    52 ||    90
 Cast: Inner Flame       |       |     7 ||     7
 Abil: Hop               |     2 |     4 ||     6
Evoke: Wand              |       |     1 ||     1
  Use: Scroll            |     4 |     2 ||     6
Armor: Robe              |    31 |       ||    31
       Leather armour    |    12 |    59 ||    71
Dodge: Dodged            |   138 |   135 ||   273

Table legend: (Time is in decaauts)
 A = Elapsed time spent in this place.
 B = Non-inter-level travel time spent in this place.
 C = Inter-level travel time spent in this place.
 D = Time resting spent in this place.
 E = Time spent auto-exploring this place.
 F = Levels seen in this place.
 G = Mean time per level.
                   A        B        C        D        E       F      G
               +--------+--------+--------+--------+--------+-----+--------+
         Total |   6574 |   6495 |     79 |    720 |   4623 |   4 | 1643.5 |
       Dungeon |   6574 |   6495 |     79 |    720 |   4623 |   4 | 1643.5 |
               +--------+--------+--------+--------+--------+-----+--------+

Top non-repeatable levels by time:
     D:1: 2415 daAuts
     D:3: 1677 daAuts
     D:2: 1351 daAuts
     D:4: 1129 daAuts
